Map: Golden Wall LE

Players

MarineLorD - Winner!

  • Race: Terran Terran
  • League: Master
  • Spawn Location: 7:00

Denver

  • Race: Zerg Zerg
  • League: Grandmaster
  • Spawn Location: 5:00

Event: DreamHack SC2 Masters 2020 Fall

VOD

Have the link to the VOD?

Description

Time

  • Played on: Aug. 27, 2020, 11:50 a.m.
  • Length: 10:32

All games in this series

Show
View Real Time Build Order
Export as new Build Order

MarineLorD Terran - Winner!

Build Orders: Reaper Expand 

Get SALT Encoding   

  12  0:00  SCV  
  13  0:12  SCV  
  14  0:17  Supply Depot  
  14  0:24  SCV  
  15  0:39  Barracks, SCV  
  16  0:44  Refinery  
  16  0:51  SCV  
  17  1:03  SCV  
  18  1:15  SCV  
  19  1:27  Reaper  
  19  1:28  Orbital Command  
  20  1:41  Command Center  
  20  1:52  Barracks  
  20  1:55  SCV  
  20  2:00  Barracks Reactor  
  21  2:07  SCV  
  22  2:09  Supply Depot  
  22  2:19  SCV  
  23  2:22  Refinery  
  23  2:27  Factory  
  23  2:36  SCV, Marine x2  
  26  2:40  Barracks Tech Lab  
  26  2:48  SCV  
  27  2:53  Orbital Command  
  27  2:54  Marine x2  
  29  3:00  SCV  
  29  3:01  Marine  
  29  3:04  Stimpack  
  31  3:12  SCV  
  32  3:16  Marine x2  
  32  3:19  SCV, Marine  
  36  3:24  SCV  
  37  3:29  Starport  
  37  3:30  Factory Reactor  
  37  3:31  SCV  
  38  3:36  SCV  
  38  3:40  Marine  
  40  3:42  Supply Depot, Marine x2  
  40  3:44  SCV  
  42  3:51  SCV  
  43  3:58  Marine  
  43  3:59  SCV, Supply Depot  
  43  4:00  Marine  
  46  4:03  Marine  
  46  4:05  SCV  
  48  4:10  Supply Depot  
  48  4:12  SCV  
  48  4:16  Medivac x2  
  53  4:17  SCV  
  53  4:20  Marine x2  
  53  4:23  Supply Depot  
  56  4:25  Marine  
  56  4:27  SCV  
  56  4:29  SCV  
  59  4:39  SCV  
  59  4:40  Marine x2  
  59  4:41  SCV  
  59  4:44  Combat Shield  
  63  4:47  Engineering Bay  
  63  4:50  Engineering Bay  
  64  4:52  SCV  
  64  4:53  SCV  
  64  4:55  Marine  
  66  5:00  Factory Tech Lab  
  66  5:05  SCV x2  
  68  5:07  Command Center  
  68  5:10  Marine  
  68  5:11  Marine  
  70  5:15  Refinery  
  70  5:16  Terran Infantry Armor Level 1, Refinery, Terran Infantry Weapons Level 1  
  70  5:20  Supply Depot  
  70  5:22  Marine  
  70  5:23  SCV  
  70  5:24  SCV  
  73  5:32  Marine x2  
  76  5:35  SCV  
  76  5:36  SCV  
  76  5:40  Marine  
  78  5:47  SCV  
  78  5:48  SCV  
  80  5:50  Marine x2  
  70  5:58  Marine  
  70  5:59  SCV  
  70  6:02  SCV  
  71  6:06  Barracks  
  71  6:07  Marine x2  
  71  6:08  Barracks  
  71  6:10  Barracks  
  73  6:11  Medivac  
  73  6:13  Medivac  
  73  6:15  Marine  
  73  6:17  Siege Tank  
  81  6:19  SCV  
  81  6:25  Orbital Command, Marine x2  
  82  6:31  Armory, SCV  
  85  6:33  Marine  
  86  6:43  Marine x2  
  86  6:45  Orbital Command  
  86  6:46  Medivac x2  
  92  6:47  SCV x2  
  92  6:49  Siege Tank  
  92  6:51  Marine  
  98  6:55  Supply Depot, Barracks Reactor  
  98  6:56  Supply Depot, Barracks Reactor  
  98  6:57  Supply Depot, Barracks Reactor  
  98  7:01  Marine x2  
  98  7:02  SCV  
  101  7:15  Supply Depot x2  
  101  7:17  SCV x3, Marine  
  101  7:18  Terran Infantry Weapons Level 2  
  101  7:19  Marine  
  101  7:20  Marine  
  107  7:23  Siege Tank  
  110  7:33  Marine x2  
  110  7:35  Marine  
  110  7:36  SCV x2, Marine x3  
  109  7:38  Marine x3  
  109  7:42  Terran Infantry Armor Level 2  
  108  7:49  SCV  
  108  7:51  Marine x2  
  104  7:52  SCV x2, Marine  
  104  7:54  Marine x3  
  104  7:56  Marine x3  
  113  8:01  SCV  
  113  8:04  SCV x2  
  113  8:05  Supply Depot  
  116  8:09  Marine x2  
  116  8:10  Marine  
  116  8:12  Refinery, Marine x3  
  122  8:13  SCV  
  122  8:15  Marine x2  
  122  8:16  Supply Depot, Marine  
  126  8:26  Marine  
  126  8:27  Marine  
  124  8:28  Marine  
  124  8:30  Marine x3  
  124  8:31  Supply Depot  
  124  8:32  Missile Turret  
  124  8:33  Missile Turret, Marine x2  
  132  8:34  Marine  
  132  8:36  Missile Turret  
  132  8:37  Medivac x2  
  137  8:44  Marine x2  
  137  8:46  Siege Tank, Marine  
  137  8:47  Marine  
  137  8:48  Marine x2  
  146  8:51  Marine x2  
  146  8:52  Marine  
  149  9:02  Marine x2  
  143  9:04  Marine  
  143  9:05  Marine x3  
  143  9:07  Medivac x2  
  143  9:09  Marine x2  
  154  9:10  Marine  
  148  9:20  Marine x2  
  148  9:21  Marine  
  148  9:23  Command Center, Marine x3  
  147  9:26  Marine  
  147  9:27  Siege Tank  
  147  9:30  Marine  
  151  9:32  Marine  
  151  9:34  SCV  
  151  9:35  SCV  
  151  9:37  Medivac x2  
  151  9:38  Marine  
  159  9:40  Marine  
  159  9:41  Supply Depot  
  160  9:47  Marine x3  
  155  9:53  Marine x2  
  155  9:54  Marine  
  156  10:00  Marine x2  
  156  10:05  Marine x3  
Show
View Real Time Build Order
Export as new Build Order

Denver Zerg 

Build Orders: Hatch First, Muta Ling Bane 

Get SALT Encoding   

  12  0:00  Drone  
  13  0:13  Overlord  
  13  0:18  Drone  
  14  0:32  Drone x2  
  16  0:50  Hatchery  
  16  0:52  Drone  
  16  0:56  Drone  
  17  1:02  Drone  
  18  1:11  Extractor  
  17  1:18  Spawning Pool  
  16  1:20  Drone  
  16  1:24  Drone  
  18  1:29  Drone  
  19  1:41  Drone  
  20  1:51  Overlord  
  20  2:05  Queen x2  
  20  2:06  Zergling x4  
  26  2:12  Metabolic Boost  
  26  2:14  Drone  
  27  2:17  Drone  
  28  2:26  Drone x2  
  29  2:42  Hatchery  
  28  2:47  Drone x2  
  30  2:52  Drone  
  30  2:56  Overlord  
  31  2:59  Drone  
  31  3:02  Drone  
  33  3:09  Queen  
  35  3:13  Drone  
  35  3:17  Drone x2  
  35  3:19  Drone  
  39  3:25  Pneumatized Carapace  
  39  3:27  Overlord  
  39  3:29  Drone  
  39  3:33  Drone  
  41  3:38  Drone x2  
  43  3:45  Overlord  
  43  3:47  Queen  
  45  3:50  Drone  
  45  3:51  Drone x2  
  45  3:55  Overlord  
  48  3:57  Drone  
  48  4:01  Baneling Nest  
  48  4:05  Queen  
  48  4:09  Drone x2  
  52  4:15  Drone x3  
  55  4:17  Overlord  
  55  4:22  Drone  
  55  4:23  Drone x3  
  59  4:29  Queen  
  61  4:33  Overlord  
  61  4:35  Drone x2  
  61  4:36  Drone  
  64  4:39  Drone x2  
  64  4:44  Spore Crawler  
  64  4:45  Drone, Spore Crawler  
  65  4:47  Spore Crawler  
  65  4:52  Zergling x2  
  65  4:53  Zergling x6  
  65  4:54  Drone  
  65  4:56  Drone  
  70  5:00  Lair  
  70  5:02  Overlord  
  70  5:05  Overlord  
  70  5:07  Zergling x6  
  72  5:10  Overlord  
  72  5:13  Extractor x2  
  71  5:15  Drone x3  
  71  5:17  Overlord  
  71  5:21  Overlord  
  74  5:26  Queen  
  76  5:30  Zergling x2  
  76  5:31  Zergling x12  
  83  5:35  Overlord  
  83  5:41  Zergling x4  
  83  5:45  Queen  
  81  5:56  Drone x11  
  79  6:02  Centrifical Hooks  
  77  6:04  Overseer  
  77  6:05  Drone x2  
  77  6:10  Zergling x2  
  80  6:14  Zergling x2  
  80  6:15  Zergling x2  
  80  6:18  Baneling x5  
  82  6:19  Extractor, Zergling x2  
  82  6:27  Hatchery  
  82  6:28  Zergling x2  
  82  6:29  Zergling x2  
  83  6:33  Zergling x14  
  83  6:36  Overlord  
  90  6:40  Spire  
  90  6:41  Drone  
  90  6:42  Drone  
  90  6:45  Extractor  
  90  6:46  Extractor  
  89  6:49  Drone x3  
  89  6:52  Drone  
  89  6:53  Drone x2  
  95  6:58  Baneling x6  
  95  6:59  Drone  
  96  7:03  Hatchery  
  96  7:05  Drone x3  
  96  7:08  Overlord  
  98  7:09  Zergling x4  
  98  7:14  Zergling x8  
  104  7:22  Zergling x6  
  107  7:34  Zergling x16  
  113  7:38  Zergling x2  
  113  7:43  Evolution Chamber, Zergling x10  
  118  7:44  Evolution Chamber  
  111  7:52  Zergling x8  
  111  7:57  Mutalisk x3  
  114  8:00  Overlord x4  
  114  8:02  Mutalisk x2  
  117  8:08  Mutalisk  
  117  8:12  Zerg Ground Armor Level 1, Zerg Melee Weapons Level 1  
  119  8:18  Mutalisk x3  
  124  8:20  Drone x3  
  122  8:28  Drone  
  122  8:29  Drone x6  
  127  8:38  Mutalisk x3  
  133  8:42  Zergling x6  
  133  8:47  Drone  
  133  8:48  Drone x3  
  140  8:49  Overseer  
  140  8:59  Mutalisk x2  
  140  9:02  Baneling x3  
  132  9:07  Zergling x18  
  140  9:15  Zergling x16  
  142  9:21  Zergling x6  
  142  9:23  Overseer  
  134  9:27  Mutalisk x2  
  129  9:33  Mutalisk x3  
  129  9:37  Baneling x3  
  133  9:42  Hatchery  
  132  9:45  Zergling x4  
  132  9:51  Mutalisk x2  
  133  9:54  Overlord  
  133  9:57  Zergling x6  
  133  10:01  Mutalisk x2  
  133  10:05  Zergling x4  
  133  10:06  Zergling x2  
  140  10:10  Drone x3  
  140  10:11  Baneling x3  
  143  10:18  Drone x5  

Tags
 
Add a new tag
Caveats
  • Supply blocks, unpowered buildings, or Contaminate may cause inaccurate times.
  • Supply counts are checked every 10 seconds.